 Dungeon Crawl Stone Soup version 0.27.0-1-g7a089689b8 (webtiles) character file.

Game seed: 15253842884830283916

571 jimbutter the Digger (level 7, -5/36 HPs)
             Began as a Gargoyle Earth Elementalist on Aug 2, 2021.
             Was an Initiate of Okawaru.
             Slain by a gnoll sergeant (9 damage)
             ... on level 4 of the Dungeon.
             The game lasted 00:27:53 (5426 turns).

jimbutter the Digger (Gargoyle Earth Elementalist)  Turns: 5426, Time: 00:27:54

Health: -5/36      AC: 11    Str: 12    XL:     7   Next: 34%
Magic:  9/12       EV:  9    Int: 17    God:    Okawaru [......]
Gold:   178        SH:  0    Dex: 10    Spells: 7/13 levels left

rFire    . . .     SeeInvis .   b - +0 hunting sling
rCold    + + .     Faith    .   (no shield)
rNeg     + . .     Spirit   .   d - +0 scale mail
rPois    ∞         Reflect  .   (no helmet)
rElec    +         Harm     .   y - +0 cloak
rCorr    .         Rampage  .   (no gloves)
Will     .....                  (no boots)
Stlth    ..........             (no amulet)
HPRegen  0.12/turn              q - ring of protection from cold
MPRegen  0.13/turn              m - ring of protection from cold

@: no status effects
A: sickness immunity, AC +4, negative energy resistance 1, electricity
resistance, torment resistance 1, petrification resistance
a: Renounce Religion


You were on level 4 of the Dungeon.
You worshipped Okawaru.
Okawaru was noncommittal.
You visited 1 branch of the dungeon, and saw 4 of its levels.

You collected 178 gold pieces.

Inventory:

Hand Weapons
 a - a +0 flail
 b - a +0 hunting sling (weapon)
 o - a +0 club
 x - a +3 quarterstaff of chaos
Missiles
 c - 113 stones
 r - 43 poisoned darts
 v - 17 sling bullets (quivered ammo)
Armour
 d - a +0 scale mail (worn)
 e - a +0 kite shield
 h - a +0 leather armour
 y - a +0 cloak (worn)
Jewellery
 m - a ring of protection from cold (right hand)
 q - a ring of protection from cold (left hand)
Wands
 s - a wand of polymorph (9)
Scrolls
 g - a scroll of vulnerability {unknown}
 k - a scroll of teleportation
 w - a scroll of enchant armour {unknown}
Potions
 f - a potion of ambrosia {unknown}
 i - a potion of mutation {unknown}
 j - a potion of brilliance {unknown}
 l - a potion of invisibility {unknown}
 n - a potion of cancellation {unknown}
 p - a potion of resistance
 u - a potion of might {unknown}


   Skills:
 + Level 2.8 Maces & Flails
 - Level 2.1 Dodging
 - Level 2.1 Stealth
 + Level 3.6 Spellcasting
 + Level 2.6 Transmutations
 * Level 6.7 Earth Magic


You had 7 spell levels left.
You knew the following spells:

 Your Spells              Type           Power      Damage    Failure   Level
a - Sandblast             Erth           52%        2d12      5%          1
b - Stone Arrow           Conj/Erth      28%        3d8       56%         3
c - Blink                 Tloc           N/A        N/A       80%         2

Your spell library contained the following spells:

 Spells                   Type           Power      Damage    Failure   Level
 Passwall                 Tmut/Erth      15%        N/A       21%         2
 Petrify                  Tmut/Erth      19%        N/A       78%         4
 Summon Guardian Golem    Hex/Summ       3%         N/A       95%         3
 Manifold Assault         Tloc           3%         N/A       100%        5
 Orb of Destruction       Conj           1%         N/A       100%        7
 Spellforged Servitor     Conj/Summ      1%         N/A       100%        7
 Storm Form               Tmut/Air       3%         N/A       100%        7


Dungeon Overview and Level Annotations

Branches:
Dungeon (4/15)             Temple (0/1) D:4

Altars:
Ashenzari
Dithmenos
Elyvilon
Gozag
Makhleb
Okawaru
Trog
Wu Jian
Zin

Shops:
D:2 [   D:4 ((=[


Innate Abilities, Weirdness & Mutations

You are immune to sickness and miasma.
Your stone body is resilient. (AC +4)
You are immune to poison.
You resist negative energy. (rN+)
You are resistant to electric shocks. (rElec)
You are resistant to unholy torment.
You are immune to petrification.


Message History

Aim: a gnoll sergeant, wielding a +0 spear and wearing a +0 scale mail (61% to hit)
You shoot a sling bullet.
The sling bullet barely misses the gnoll sergeant.
The gnoll sergeant hits you but does no damage.
Fire: 19 sling bullets
Press: ? - help, Q - select action, (/) - cycle Shift-Dir - straight line, f/p - gnoll sergeant
Aim: a gnoll sergeant, wielding a +0 spear and wearing a +0 scale mail (62% to hit)
You shoot a sling bullet.
The sling bullet hits the gnoll sergeant but does no damage.
The gnoll sergeant hits you from afar with a +0 spear.
Fire: 18 sling bullets
Press: ? - help, Q - select action, (/) - cycle Shift-Dir - straight line, f/p - gnoll sergeant
Aim: a gnoll sergeant, wielding a +0 spear and wearing a +0 scale mail (62% to hit)
You shoot a sling bullet.
The sling bullet barely misses the gnoll sergeant.
The gnoll sergeant hits you from afar with a +0 spear.
Casting: Sandblast (safe; 5% risk of failure)
Confirm with . or Enter, or press ? or * to list all spells.
Aiming: Sandblast (safe; 5% risk of failure)
Press: ? - help, Shift-Dir - straight line, f/p - gnoll sergeant
Aim: a gnoll sergeant, wielding a +0 spear and wearing a +0 scale mail (86% to hit)
The blast of sand hits the gnoll sergeant!
The gnoll sergeant is heavily wounded.
c - 114 stones The gnoll sergeant hits you from afar with a +0 spear!
* * * LOW HITPOINT WARNING * * *
You see here a +0 flail.
The endoplasm quivers.
The gnoll sergeant hits you from afar with a +0 spear!
* * * LOW HITPOINT WARNING * * *
Casting: Sandblast (safe; 5% risk of failure)
Confirm with . or Enter, or press ? or * to list all spells.
Aiming: Sandblast (safe; 5% risk of failure)
Press: ? - help, Shift-Dir - straight line, f/p - gnoll sergeant
Aim: a gnoll sergeant, wielding a +0 spear and wearing a +0 scale mail (heavily wounded, 86% to hit)
The blast of sand hits the gnoll sergeant!
The gnoll sergeant is severely wounded.
c - 113 stones The gnoll sergeant hits you from afar with a +0 spear!
You die...

#.#.##....##..# #.#
####'#.........# ##.#
#....########.## #..#
#.88.###....############...
#.88.#..####)#......)......
#....'..# #.###.##########
######### #.# #.# #...
#(†..####.# #.# #.##
#.####g.@.## #.# #.#
######### ###### #.# #.#
........# #JZ# #.# #.#
....##### #)?# #.# #.#
###.# .### #.# #.# #.# .
#.# #####.## #.# ###
#.###....... #.# #.#
#.##........ #.# #.#
#.##...#...#


You could see a gnoll sergeant, an endoplasm and a hound skeleton.

Vanquished Creatures
  A necrophage (D:4)
  A scorpion (D:4)
  An orc priest (D:4)
  Crazy Yiuf (D:3)
  A hound (D:4)
  A centaur skeleton (D:4)
  Jessica (D:3)
  A bullfrog skeleton (D:4)
  An iguana (D:3)
  An orc wizard (D:4)
  Ijyb (D:3)
  5 gnolls
  5 adders
  A white imp (D:4)
  3 worms (D:4)
  2 dart slugs
  3 orcs
  11 endoplasms
  2 giant cockroaches
  6 goblins
  9 jackals
  3 quokkas
  4 ball pythons (D:1)
  8 bats
  3 frilled lizards
  5 kobolds
  5 rats
86 creatures vanquished.

Notes
Turn   | Place    | Note
-------+----------+-------------------------------------------
     0 | D:1      | jimbutter the Gargoyle Earth Elementalist began the quest
                  | for the Orb.
     0 | D:1      | Reached XP level 1. HP: 10/10 MP: 3/3
   267 | D:1      | Reached skill level 1 in Transmutations
   267 | D:1      | Reached skill level 4 in Earth Magic
   267 | D:1      | Reached XP level 2. HP: 10/15 MP: 0/5
   947 | D:1      | Found a faded altar of an unknown god.
   955 | D:1      | Reached XP level 3. HP: 19/19 MP: 3/6
   988 | D:1      | Learned a level 3 spell: Stone Arrow
  1902 | D:2      | Found Jyofielo's Armour Boutique.
  2052 | D:2      | Reached XP level 4. HP: 11/24 MP: 3/7
  2217 | D:2      | Learned a level 2 spell: Blink
  2771 | D:3      | Reached skill level 5 in Earth Magic
  2785 | D:3      | Reached XP level 5. HP: 22/28 MP: 9/9
  2912 | D:3      | Noticed Jessica
  2924 | D:3      | Killed Jessica
  2925 | D:3      | Reached skill level 1 in Maces & Flails
  2994 | D:3      | Found a burning altar of Makhleb.
  3005 | D:3      | Found an ornate altar of the Wu Jian Council.
  3015 | D:3      | Found a shadowy altar of Dithmenos.
  3047 | D:3      | Found a white marble altar of Elyvilon.
  3056 | D:3      | Found an iron altar of Okawaru.
  3060 | D:3      | Became a worshipper of Warmaster Okawaru
  3070 | D:3      | Found an opulent altar of Gozag.
  3079 | D:3      | Found a broken altar of Ashenzari.
  3079 | D:3      | Noticed Ijyb
  3084 | D:3      | Killed Ijyb
  3612 | D:3      | Found a runed translucent door.
  3613 | D:3      | Noticed Crazy Yiuf
  3621 | D:3      | Killed Crazy Yiuf
  3932 | D:4      | Found a glowing silver altar of Zin.
  3990 | D:4      | Reached XP level 6. HP: 32/32 MP: 6/10
  4131 | D:4      | Found Lurgha Hoph's Armour Boutique.
  4270 | D:4      | Found a staircase to the Ecumenical Temple.
  4287 | D:4      | Found Koshemp's Weapon Emporium.
  4479 | D:4      | Noticed a moth of wrath
  4483 | D:4      | Found a bloodstained altar of Trog.
  5027 | D:4      | Reached skill level 6 in Earth Magic
  5031 | D:4      | HP: 1/32 [something/puff of flame (3)]
  5114 | D:4      | Found Rom Dum's Jewellery Shop.
  5121 | D:4      | Found Miyn's Weapon Boutique.
  5152 | D:4      | Noticed a necrophage
  5160 | D:4      | Killed a necrophage
  5161 | D:4      | Reached XP level 7. HP: 36/36 MP: 5/12
  5426 | D:4      | Slain by a gnoll sergeant

Illustrated notes

Levels and vault maps discovered:
D:1:      matt_arrival_grand_opening, layout_basic,
          hellmonk_ecumenical_altar_slurped_away
D:2:      layout_loops_ring, serial_shops, nicolae_lakefront_shop
D:3:      layout_loops_cross, grunt_temple_overflow_octagram, item_on_display_a,
          uniq_crazy_yiuf_cottage, uniq_ijyb, uniq_jessica
D:4:      minmay_chambers_of_fours, layout_loops_ring, amcnicky_altar_gilded,
          tgw_trog, minmay_temple_entry_junction_2, serial_shops,
          kennysheep_mini, nicolae_shop_waterfront, shop, shop, st_stairs_7,
          lemuel_old_faithful

Skill      XL: |  1  2  3  4  5  6 |
---------------+-------------------+-----
Transmutations | 1 2 |  2.6
Earth Magic    | 4 5 6 |  6.7
Dodging        | 2 |  2.1
Maces & Flails | 1 2 |  2.8
Spellcasting   | 3 |  3.6
Stealth        | |  2.1

Action                   |  1- 3 |  4- 6 |  7- 9 || total
-------------------------+-------+-------+-------++-------
Melee: Dagger            |    44 |       |       ||    44
       Unarmed           |     2 |     4 |       ||     6
       Club              |    49 |   123 |       ||   172
       Flail             |       |   100 |    25 ||   125
 Fire: Hunting sling     |       |    21 |     5 ||    26
 Cast: Sandblast         |    26 |    27 |     8 ||    61
  Use: Scroll            |       |     3 |       ||     3
       Potion            |       |     2 |       ||     2
 Stab: Confused          |       |     1 |       ||     1
Armor: Scale mail        |    82 |   164 |    25 ||   271
       Robe              |     2 |       |       ||     2
       Skin              |       |     1 |       ||     1
Dodge: Dodged            |    75 |   144 |    13 ||   232
